 Dungeon Crawl Stone Soup version 0.28-a0-556-gab23d0e057 (webtiles) character file.

Game seed: 137788860487811662

4 dolemite99 the Skirmisher (level 1, 18/18 HPs)
             Began as a Demonspawn Fighter on Sept 29, 2021.
             Was a Follower of Sif Muna.
             Quit the game on level 1 of the Dungeon.
             The game lasted 00:00:25 (212 turns).

dolemite99 the Skirmisher (Demonspawn Fighter)       Turns: 212, Time: 00:00:25

Health: 18/18      AC:  6    Str: 16    XL:     1   Next: 50%
Magic:  1/1        EV:  9    Int:  9    God:    Sif Muna [*.....]
Gold:   24         SH:  4    Dex: 12    Spells: 0/0 levels left

rFire   . . .      SeeInvis .   a - +0 war axe
rCold   . . .      Faith    .   c - +0 buckler
rNeg    . . .      Spirit   .   b - +0 scale mail
rPois   .          Reflect  .   (no helmet)
rElec   .          Harm     .   (no cloak)
rCorr   .          Rampage  .   (no gloves)
Will    .....                   (no boots)
Stlth   ..........              (no amulet)
HPRegen 0.06/turn               (no ring)
MPRegen 0.07/turn               (no ring)

@: no status effects
A: no striking features
a: Renounce Religion, Channel Magic


You were on level 1 of the Dungeon.
You worshipped Sif Muna.
Sif Muna was aware of your devotion.
You visited 1 branch of the dungeon, and saw 1 of its levels.

You collected 24 gold pieces.

Inventory:

Hand Weapons
 a - a +0 war axe (weapon)
Missiles
 e - 23 sling bullets
Armour
 b - a +0 scale mail (worn)
 c - a +0 buckler (worn)
Potions
 d - a potion of might
 f - a potion of curing {unknown}
 g - a potion of lignification {unknown}


   Skills:
 - Level 3.0 Fighting
 + Level 2.1 Axes
 - Level 2.6 Armour
 - Level 2.6 Shields


You couldn't memorise any spells.
You didn't know any spells.
Your spell library was empty.

Dungeon Overview and Level Annotations

Branches:
Dungeon (1/15)

Altars:
Sif Muna


Message History

You see here a hobgoblin corpse.
HP restored.
Things that are here:
a +0 dagger; 5 stones; a kobold corpse No target in view!
Key pressed, stopping explore.
No target in view!
Found a stone staircase leading down.
No target in view!
Found a mace.
No target in view!
No target in view!
No target in view!
No target in view!
Found a faded altar of an unknown god.
f - an emerald potion
There are no items here.
There is a stone staircase leading down here.
g - a fizzy yellow potion No target in view!
You now have 24 gold pieces (gained 13).
You open the door.
A rat comes into view.
You closely miss the rat.
The rat bites you but does no damage. x2
A rat is nearby!
You closely miss the rat. The rat bites you but does no damage.
You slash the rat!
You kill the rat!
There is an open door here.
You see here a rat corpse.
There is a stone staircase leading down here.
There is a faded altar of an unknown god here.
You cannot tell which god this altar belongs to.
Convert to them anyway?
Sif Muna accepts your prayer! Sif Muna welcomes you!
You can now call upon Sif Muna for magical energy.
Okay, then.
Unknown command.
Press < or > to pray at altars.
Are you sure you want to abandon this character and quit the game? (Confirm with "yes".)

####### #.#
#####.....# #.#
#...#.###.### #.#
#.#.#.......# #.#
#.#.#####.#.# #.#
#.#.......#.# #.#
#.#########.# #.#
#.#.........#
#@####....####....
####.#..........+....
#....#.###.#.####....
#....#.# #...# ####+
#......#############.
#...>................
#.........##########.
#.........# #.
#.........# #.


There were no monsters in sight!

Vanquished Creatures
  A giant cockroach (D:1)
  A hobgoblin (D:1)
  A kobold (D:1)
  A rat (D:1)
4 creatures vanquished.

Notes
Turn   | Place    | Note
-------+----------+-------------------------------------------
     0 | D:1      | dolemite99 the Demonspawn Fighter began the quest for the
                  | Orb.
     0 | D:1      | Reached XP level 1. HP: 18/18 MP: 1/1
   136 | D:1      | Found a faded altar of an unknown god.
   211 | D:1      | Became a worshipper of Sif Muna the Loreminder
   211 | D:1      | Reached * piety under Sif Muna
   212 | D:1      | Quit the game

Illustrated notes

Levels and vault maps discovered:
D:1:      ncdulo_smallfort, layout_basic, basic_ecumenical_altar,
          minmay_tetromino_s4

Skill      XL: |  1 |
---------------+----+-----
Axes           | 2 |  2.1
Fighting       | |  3.0
Armour         | |  2.6
Shields        | |  2.6

Action                   || total
-------------------------++-------
Melee: War axe           ||     7
Armor: Scale mail        ||     5
Dodge: Dodged            ||     1
Block: Buckler           ||     1

Table legend: (Time is in decaauts)
 A = Elapsed time spent in this place.
 B = Non-inter-level travel time spent in this place.
 C = Inter-level travel time spent in this place.
 D = Time resting spent in this place.
 E = Time spent auto-exploring this place.
 F = Levels seen in this place.
 G = Mean time per level.
                   A        B        C        D        E       F      G
               +--------+--------+--------+--------+--------+-----+--------+
         Total |    215 |    185 |     30 |      0 |    151 |   1 |  215.0 |
       Dungeon |    215 |    185 |     30 |      0 |    151 |   1 |  215.0 |
               +--------+--------+--------+--------+--------+-----+--------+

Top non-repeatable levels by time:
     D:1: 215 daAuts
